 Dungeon Crawl Stone Soup version 0.27-a0-1154-gfdeffcb720 (webtiles) character file.

Game seed: 7813306133218237001

35 Whiskey the Magician (level 3, -1/25 HPs)
             Began as a Djinni Ice Elementalist on May 14, 2021.
             Slain by a hobgoblin (5 damage)
             ... led by Robin
             ... on level 1 of the Dungeon.
             The game lasted 00:04:01 (2918 turns).

Whiskey the Magician (Djinni Ice Elementalist)      Turns: 2918, Time: 00:04:01

Health: -1/25      AC:  2    Str:  8    XL:     3   Next: 55%
Gold:   37         EV: 12    Int: 16    God:
                   SH:  0    Dex: 13

rFire    + + .     SeeInvis .   b - +0 dagger
rCold    x . .     Faith    .   (no shield)
rNeg     . . .     Spirit   .   a - +0 robe
rPois    ∞         Reflect  .   (no helmet)
rElec    .         Harm     .   (no cloak)
rCorr    .         Rampage  .   (no gloves)
Will     .....                  (boots unavailable)
Stlth    ++........             (no amulet)
HPRegen  0.08/turn              (no ring)
MPRegen  0.00/turn              (no ring)

@: flying
A: sickness immunity, fire resistance 2, cold vulnerability 1, float, innate
caster, hp casting, extra vitality 1
a: no special abilities


You were on level 1 of the Dungeon.
You visited 1 branch of the dungeon, and saw 2 of its levels.

You collected 37 gold pieces.

Inventory:

Hand Weapons
 b - a +0 dagger (weapon)
   (You took it off a goblin on level 1 of the Dungeon)
Armour
 a - a +0 robe (worn)
Scrolls
 d - a scroll of immolation {unknown}
Potions
 c - a potion of curing {unknown}


   Skills:
 - Level 2.1 Dodging
 + Level 2.5 Stealth
 + Level 3.7 Spellcasting


You couldn't memorise any spells.
You knew the following spells:

 Your Spells              Type           Power      Damage    Failure   Level
a - Freeze                Ice            56%        1d7       3%          1
b - Frozen Ramparts       Ice            28%        1d4       12%         3
c - Hailstorm             Conj/Ice       14%        3d5       36%         4
d - Metabolic Englaciati  Hex/Ice        7%         N/A       71%         5
e - Magic Dart            Conj           56%        1d5       3%          1
A - Ozocubu's Armour      Ice            14%        N/A       12%         3
Your spell library was empty.

Dungeon Overview and Level Annotations

Branches:
Dungeon (2/15)

Altars:

Shops:
D:1 (

Annotations:
D:2 Robin


Innate Abilities, Weirdness & Mutations

You are immune to sickness and miasma.
You are immune to poison.
Your flesh is very heat resistant. (rF++)
You are vulnerable to cold. (rC-)
You float through the air rather than walking.
You learn spells naturally, not from books.
Your magical power is your life essence.
You have superior vitality. (+4 HP)


Message History

A hobgoblin comes into view.
The goblin misses you.
The goblin moves out of view.
You hear a shout!
The goblin shouts!
The hobgoblin shouts!
You closely miss the goblin. Robin throws the goblin at you!
The goblin hits you with a +0 club.
You hit the goblin.
A goblin comes into view. It is wielding a +0 dagger.
The goblin hits you with a +0 dagger. The goblin hits you but does no damage.
Robin says, "A pitiful Djinni like you will never find the ORB!"
Robin throws the goblin at you!
The goblin shouts!
You hit the goblin.
You kill the goblin!
You hear a shout!
You hear an angry hiss.
You hear a shout!
The goblin barely misses you. The goblin misses you.
Robin throws the goblin at you!
You hit the goblin.
A giant cockroach comes into view.
The goblin barely misses you. The goblin hits you with a +0 club.
The goblin hits you with a +0 dagger. The goblin hits you with a +0 club.
You are too injured to fight recklessly!
You are too injured to fight recklessly!
You are too injured to fight recklessly!
You are too injured to fight recklessly!
You are too injured to fight recklessly!
You are too injured to fight recklessly!
You are too injured to fight recklessly!
You are too injured to fight recklessly!
You are too injured to fight recklessly!
You are too injured to fight recklessly!
You are too injured to fight recklessly!
You are too injured to fight recklessly!
You are too injured to fight recklessly!
You are too injured to fight recklessly!
You are too injured to fight recklessly!
You are too injured to fight recklessly!
You are too injured to fight recklessly!
You take 15 damage, and have 10/25 hp.
MASSIVE DAMAGE!!
A goblin comes into view. It is wielding a +0 club.
The goblin hits you with a +0 club. The goblin barely misses you.
You take 2 damage, and have 8/25 hp.
The goblin barely misses you.
There is a stone staircase leading up here.
The goblin unwields a +0 dagger.
The goblin wields a +0 hunting sling.
The goblin shoots a stone.
The stone hits you.
You fly upwards.
There is a stone staircase leading down here.
You take 1 damage, and have 8/25 hp.
You start resting.
Health restored: 25 You fly downwards.
Level annotation: Robin The goblin closely misses you.
The giant cockroach waves its antennae.
The goblin misses you. The goblin hits you but does no damage.
There is a stone staircase leading up here.
The goblin hits you with a +0 club. The goblin hits you with a +0 dagger.
You fly upwards.
There is a stone staircase leading down here.
You take 4 damage, and have 21/25 hp.
The goblin hits you with a +0 dagger.
You take 2 damage, and have 19/25 hp.
Aim: a goblin, wielding a +0 club and wearing a +0 ring mail You freeze the goblin!
You kill the goblin!
You take 1 damage, and have 18/25 hp.
Aim: a goblin, wielding a +0 dagger You freeze the goblin.
You kill the goblin!
You take 1 damage, and have 17/25 hp.
You start resting.
Health restored: 25
Things that are here:
a +0 dagger; a +0 club; a +0 ring mail
There is a stone staircase leading down here.
You fly downwards.
Level annotation: Robin The hobgoblin closely misses you.
The goblin barely misses you. The goblin hits you with a +0 club.
A hobgoblin comes into view.
The goblin hits you but does no damage. The hobgoblin completely misses you.
The goblin hits you with a +0 club. Robin throws the goblin at you!
There is a stone staircase leading up here.
You take 7 damage, and have 18/25 hp.
MASSIVE DAMAGE!!
The giant cockroach completely misses you.
The goblin hits you but does no damage. The goblin hits you with a +0 club.
The hobgoblin barely misses you. The goblin hits you with a +0 club.
Robin throws the goblin at you!
The hobgoblin shouts!
You fly upwards.
There is a stone staircase leading down here.
You take 9 damage, and have 9/25 hp.
MASSIVE DAMAGE!!
The hobgoblin hits you.
* * * LOW HITPOINT WARNING * * *
The giant cockroach bites you.
* * * LOW HITPOINT WARNING * * *
You take 5 damage, and have 4/25 hp.
You see here a +0 club.
The hobgoblin hits you.
You die...

....##
##.##.................#
.....##
##.###.#######+#######..
......####.)# #.# #.# #..
......+.....###)#
#####.##### #..
......####...##.#
#...'.'...# #.. .....##
#.......# #.###.###.# #..
....## #.#..>.g# #.# #.#
#.# #.. ...##
#.##.g.g###'###.###'###..
#'#####
#.###..g@.............+÷#
......# #.#
##.B###'###.###'###.#
..###.# #.# #..# #.# #.#
#.# #.# ..###.# #.# #..#
#.###.###.# #..
...##.###.# #..#
#...'.'...# #.#
..........# #..#
#####.##### #.#
...##.##### #..# #.# #.#
......#
##.#######'#######..
..###.#
#..................


You could see a giant cockroach, a hobgoblin and 3 goblins.

Vanquished Creatures
  2 ball pythons (D:1)
  2 bats (D:1)
  2 endoplasms (D:1)
  2 giant cockroaches
  7 goblins
  5 hobgoblins (D:1)
  2 kobolds
  A quokka (D:1)
  3 frilled lizards (D:1)
  4 rats
30 creatures vanquished.

Notes
Turn   | Place    | Note
-------+----------+-------------------------------------------
     0 | D:1      | Whiskey the Djinni Ice Elementalist began the quest for the
                  | Orb.
     0 | D:1      | Reached XP level 1. HP: 15/15 MP: 0/0
   385 | D:1      | Reached XP level 2. HP: 19/21 MP: 0/0
   399 | D:1      | Reached skill level 2 in Stealth
   564 | D:1      | Found Kebrowiy's Antique Weapon Emporium.
   779 | D:1      | Found a faded altar of an unknown god.
  1582 | D:1      | Reached XP level 3. HP: 25/25 MP: 0/0
  1582 | D:1      | Learned a level 1 spell: Magic Dart
  2587 | D:2      | Noticed Robin
  2916 | D:1      | HP: 6/25 [hobgoblin[Robin] (3)]
  2918 | D:1      | Slain by a hobgoblin

Illustrated notes

Levels and vault maps discovered:
D:1:      lemuel_arrival_broad_hall, layout_loops_corners, serial_shops,
          nicolae_shop_behind_doors, shapermc_ecumenical_altar_starsandcircs,
          minmay_door_square
D:2:      layout_rooms, uniq_robin

Skill      XL: |  1  2 |
---------------+-------+-----
Stealth        | 2 |  2.5
Dodging        | |  2.1
Spellcasting   | |  3.7

Action                   || total
-------------------------++-------
Melee: Dagger            ||   175
 Cast: Freeze            ||    13
 Stab: Sleeping          ||     5
Armor: Robe              ||    38
Dodge: Dodged            ||   127

Table legend: (Time is in decaauts)
 A = Elapsed time spent in this place.
 B = Non-inter-level travel time spent in this place.
 C = Inter-level travel time spent in this place.
 D = Time resting spent in this place.
 E = Time spent auto-exploring this place.
 F = Levels seen in this place.
 G = Mean time per level.
                   A        B        C        D        E       F      G
               +--------+--------+--------+--------+--------+-----+--------+
         Total |   2919 |   2884 |     35 |    298 |   2263 |   2 | 1459.5 |
       Dungeon |   2919 |   2884 |     35 |    298 |   2263 |   2 | 1459.5 |
               +--------+--------+--------+--------+--------+-----+--------+

Top non-repeatable levels by time:
     D:1: 2776 daAuts
     D:2: 143 daAuts

Table legend:
 A = Kills in this place as a percentage of kills in entire the game.
 B = Kills by you in this place as a percentage of kills by you in the entire game.
 C = Kills by friends in this place as a percentage of kills by friends in the entire game.
 D = Other kills in this place as a percentage of other kills in the entire game.
 E = Experience gained in this place as a percentage of experience gained in the entire game.
 F = Experience gained in this place divided by the number of levels of this place that you have seen.
                   A       B       C       D       E      F
               +-------+-------+-------+-------+-------+----------------------
         Total | 100.0 | 100.0 |   N/A |   N/A | 100.0 |  25.5
       Dungeon | 100.0 | 100.0 |   N/A |   N/A | 100.0 |  25.5
               +-------+-------+-------+-------+-------+----------------------
